 Dungeon Crawl Stone Soup version 0.20-a0-470-gbb038bd (webtiles) character file.

65 hairmachine the Conjurer (level 4, -1/24 HPs)
             Began as a Tengu Conjurer on Jan 13, 2017.
             Slain by a worm (10 damage)
             ... on level 2 of the Dungeon.
             The game lasted 00:10:51 (2610 turns).

hairmachine the Conjurer (Tengu Conjurer)           Turns: 2610, Time: 00:10:52

Health: -1/24      AC:  3    Str:  9    XL:     4   Next: 13%
Magic:  1/8        EV: 12    Int: 16    God:
Gold:   41         SH:  0    Dex: 14    Spells: 1/7 levels left

rFire  . . .     SeeInvis .     m - +0 long sword
rCold  . . .     Gourm    .     a - +0 robe
rNeg   . . .     Faith    .     (no shield)
rPois  .         Spirit   .     (helmet restricted)
rElec  .         Reflect  .     (no cloak)
rCorr  .         Harm     .     g - +0 pair of gloves
MR     .....                    (boots unavailable)
Stlth  ++........               (no amulet)
                                (no ring)
                                (no ring)

@: no status effects
A: beak, talons 3
a: no special abilities


You were on level 2 of the Dungeon.
You were not hungry.

You visited 1 branch of the dungeon, and saw 2 of its levels.

You collected 41 gold pieces.


Innate Abilities, Weirdness & Mutations

You have a beak for a mouth.
You have claws for feet.


   Skills:
 - Level 2.1 Dodging
 - Level 2.0 Stealth
 + Level 2.3 Spellcasting
 + Level 7.1 Conjurations


You had one spell level left.
You knew the following spells:

 Your Spells              Type           Power        Failure   Level  Hunger
a - Searing Ray           Conj           ###...       1%          2    ###....
b - Dazzling Spray        Conj/Hex       ##....       14%         3    ###....
z - Magic Dart            Conj           ###.         1%          1    #......

Inventory:

Hand Weapons
 m - a +0 long sword (weapon)
   (You took it off a hobgoblin on level 2 of the Dungeon)
Armour
 a - a +0 robe (worn)
 g - a +0 pair of gloves (worn)
   (You found it on level 1 of the Dungeon)
Scrolls
 e - 4 scrolls of remove curse {!r, unknown}
 i - a scroll of identify {!r, unknown}
 j - 2 scrolls of blinking {!r, unknown}
 k - a scroll of noise {!r, unknown}
Potions
 d - a potion of agility {!q, unknown}
 l - a potion of curing {!q, unknown}
Books
 b - a book of Conjurations

   Spells                             Type                      Level
   a - Magic Dart                     Conjuration                  1
   b - Searing Ray                    Conjuration                  2
   c - Dazzling Spray                 Conjuration/Hexes            3
   d - Fulminant Prism                Conjuration/Hexes            4
   e - Iskenderun's Mystic Blast      Conjuration                  4
   f - Iskenderun's Battlesphere      Conjuration/Charms           5
Comestibles
 c - a bread ration
 f - 5 chunks of flesh

Dungeon Overview and Level Annotations

Branches:
Dungeon (2/15)

Altars:

##..####.#.....# #...#
##....w.w.#..@..# ###.#
#.....#####...w.########.#
##...## #.....#......#.####
##.## #.....#.###.......#
#.# #######<###..#.##.#
##.##### #.##.....##.#
#......# #.##...####.#
#..###.# #.##...####.#
#....#.###### #...).......#
#.##........#######.########
#.####.####.........# #.#
#.# ########### #.. ..# ###
####


You could see a worm.


Message History

Damage: -4%(-1hp) hp: 96%(23hp) Unknown command.
Unknown command.
The bat barely misses you.
You riposte.
You miss the bat. The bat completely misses you.
You riposte.
You closely miss the bat. You claw the bat, but do no damage.
The bat barely misses you.
You riposte.
You closely miss the bat. You hit the bat.
You kill the bat!
No target in view!
You see here a bat corpse.
You butcher the bat corpse.
You see here a chunk of flesh.
Unknown command.
Casting: Searing Ray
Confirm with . or Enter, or press ? or * to list all spells.
You can't see any susceptible monsters within range! (Use Z to cast anyway.)
Casting: Searing Ray
Confirm with . or Enter, or press ? or * to list all spells.
Aiming: Searing Ray
Press: ? - help, Shift-Dir - straight line, f - worm
Aim: a worm The searing ray hits the worm.
The worm is moderately wounded.
Casting: Searing Ray
Confirm with . or Enter, or press ? or * to list all spells.
Aiming: Searing Ray
Press: ? - help, Shift-Dir - straight line, f/p - worm
Aim: a worm (moderately wounded)
The searing ray hits the worm.
The worm is heavily wounded.
Casting: Searing Ray
Confirm with . or Enter, or press ? or * to list all spells.
Aiming: Searing Ray
Press: ? - help, Shift-Dir - straight line, f/p - worm
Aim: a worm (heavily wounded)
The searing ray hits the worm.
The worm is heavily wounded.
The searing ray hits the worm.
The worm is severely wounded.
* * * LOW MAGIC WARNING * * *
The searing ray misses the worm.
The searing ray hits the rat.
You kill the rat!
* * * LOW MAGIC WARNING * * *
Without enough magic to sustain it, your searing ray dissipates.
The worm closely misses you.
You riposte.
You barely miss the worm. You claw the worm, but do no damage.
The worm is severely wounded.
Casting: Searing Ray
Confirm with . or Enter, or press ? or * to list all spells.
You don't have enough magic to cast that spell.
Casting: Searing Ray
Confirm with . or Enter, or press ? or * to list all spells.
Aiming: Magic Dart
Press: ? - help, Shift-Dir - straight line, f/p - worm
Aim: a worm (heavily wounded)
The magic dart hits the worm.
The worm is severely wounded.
* * * LOW MAGIC WARNING * * *
Casting: Magic Dart
Confirm with . or Enter, or press ? or * to list all spells.
Aiming: Magic Dart
Press: ? - help, Shift-Dir - straight line, f/p - worm
Aim: a worm (moderately wounded)
The magic dart hits the worm.
The worm is moderately wounded.
* * * LOW MAGIC WARNING * * *
f - 5 chunks of flesh (gained 1)
There are no items here.
Unknown command.
Casting: Magic Dart
Confirm with . or Enter, or press ? or * to list all spells.
You don't know that spell.
Casting: Magic Dart
Confirm with . or Enter, or press ? or * to list all spells.
Aiming: Dazzling Spray
Press: ? - help, Shift-Dir - straight line, f/p - worm
Aim: a worm The spray of energy hits the worm.
The worm is moderately wounded.
The worm is dazzled.
* * * LOW MAGIC WARNING * * *
The worm bites you.
Damage: -16%(-4hp) hp: 84%(20hp)
You hit the worm. Your kick misses the worm.
The worm is moderately wounded.
You catch the helpless worm completely off-guard!
You hit the worm. You peck the worm, but do no damage.
The worm is moderately wounded.
You hit the worm but do no damage. You claw the worm, but do no damage.
The worm is moderately wounded.
The worm is no longer blind.
The worm bites you.
Damage: -13%(-3hp) hp: 71%(17hp)
You completely miss the worm.
The worm is moderately wounded.
The worm bites you!
* * * LOW HITPOINT WARNING * * *
Huge Dmg: -33%(-8hp) hp: 38%(9hp)
The worm bites you!
You die...

Vault maps used:
D:1:      shiori_arrival_oz
D:2:      minmay_lizard_pond

Notes
Turn   | Place    | Note
-------+----------+-------------------------------------------
     0 | D:1      | hairmachine the Tengu Conjurer began the quest for the Orb.
     0 | D:1      | Reached XP level 1. HP: 10/10 MP: 4/4
   500 | D:1      | Reached XP level 2. HP: 12/15 MP: 1/6
   633 | D:1      | Reached skill level 6 in Conjurations
   703 | D:1      | Learned a level 2 spell: Searing Ray
  1465 | D:1      | Reached XP level 3. HP: 19/19 MP: 3/7
  2202 | D:2      | Reached skill level 7 in Conjurations
  2245 | D:2      | Learned a level 3 spell: Dazzling Spray
  2399 | D:2      | Reached XP level 4. HP: 24/24 MP: 4/8
  2610 | D:2      | Slain by a worm

Vanquished Creatures
  A gnoll (D:2)
  2 dart slugs
  2 giant cockroaches
  5 goblins
  7 hobgoblins
  5 jackals
  2 quokkas (D:2)
  5 bats
  9 frilled lizards (D:2)
  4 kobolds
  9 rats
51 creatures vanquished.

Action                   |  1- 3 |  4- 6 || total
-------------------------+-------+-------++-------
Melee: Dagger            |    11 |       ||    11
       Peck              |     2 |     1 ||     3
       Kick              |     4 |     3 ||     7
       Long sword        |     2 |     8 ||    10
 Cast: Magic Dart        |    61 |     2 ||    63
       Searing Ray       |    11 |     3 ||    14
       Dazzling Spray    |       |     1 ||     1
 Stab: Invisible         |       |     1 ||     1
       Sleeping          |       |     1 ||     1
  Eat: Chunk             |     6 |     1 ||     7
Armor: Robe              |    14 |     4 ||    18
Dodge: Dodged            |    46 |     5 ||    51
       Rpst.: Long sword |       |     5 ||     5

Skill      XL: |  1  2  3 |
---------------+----------+-----
Conjurations   | 6 7 |  7.1
Dodging        | |  2.1
Stealth        | |  2.0
Spellcasting   | |  2.3
